 Dungeon Crawl Stone Soup version 0.27-a0-1273-gec92ba881d (webtiles) character file.

Game seed: 3413665244064752667

105731 pokeman the Sorcerer (level 15, 0/86 HPs)
             Began as a Deep Elf Hedge Wizard on June 11, 2021.
             Was a High Priest of Vehumet.
             Killed from afar by Azrael (8 damage)
             ... with a fireball
             ... on level 2 of the Orcish Mines.
             The game lasted 01:29:36 (32345 turns).

pokeman the Sorcerer (Deep Elf Hedge Wizard)       Turns: 32345, Time: 01:29:36

Health: 0/86       AC: 19    Str:  7    XL:     15   Next: 95%
Magic:  17/42      EV: 11    Int: 26    God:    Vehumet [*****.]
Gold:   2401       SH:  5    Dex: 14    Spells: 28/57 levels left

rFire    + . .     SeeInvis .   J - staff of conjuration
rCold    x . .     Faith    .   n - +0 buckler
rNeg     . . .     Spirit   .   w - +0 acid dragon scales
rPois    .         Reflect  .   e - +2 helmet
rElec    .         Harm     .   v - +2 cloak
rCorr    +         Rampage  .   B - +2 pair of gloves
Will     ++...                  G - +0 pair of boots
Stlth    ++........             k - amulet of magic regeneration
HPRegen  0.24/turn              H - ring of willpower
MPRegen  0.53/turn              u - ring of fire

@: no status effects
A: no striking features
a: Renounce Religion


You were on level 2 of the Orcish Mines.
You worshipped Vehumet.
Vehumet was extremely pleased with you.
You visited 4 branches of the dungeon, and saw 24 of its levels.
You also visited: Ossuary.

You collected 2401 gold pieces.

Inventory:

Hand Weapons
 p - the +6 demon blade "Geic" {venom, rN+++ Will- rCorr Int-5}
   (You took it off a naga on level 2 of the Lair of Beasts)

   It poisons the flesh of those it strikes.
   It affects your intelligence (-5).
   It renders you almost immune to negative energy.
   It protects you from acid and corrosion.
   It decreases your willpower.
 A - a +0 hand crossbow
 W - a +1 arbalest of flaming
Missiles
 g - 215 bolts
 I - 5 curare-tipped darts
Armour
 e - a +2 helmet (worn)
 n - a +0 buckler (worn)
 v - a +2 cloak (worn)
 w - +0 acid dragon scales (worn)
 B - a +2 pair of gloves (worn)
 C - a scarf of invisibility
 G - a +0 pair of boots (worn)
Magical Staves
 J - a staff of conjuration (weapon)
Jewellery
 c - an amulet of faith
 k - an amulet of magic regeneration (around neck)
 o - a +6 ring of dexterity
 r - an amulet of the acrobat
 u - a ring of fire (right hand)
 E - a ring of flight
 H - a ring of willpower (left hand)
Wands
 d - a wand of paralysis (16)
 f - a wand of flame (48)
 s - a wand of charming (8)
 x - a wand of acid (21)
 y - a wand of iceblast (26)
 P - a wand of digging (11)
Scrolls
 a - 3 scrolls of enchant armour
 h - 4 scrolls of blinking
 q - 14 scrolls of teleportation
 t - a scroll of fog
 F - a scroll of fear
 K - a scroll of holy word
 M - 4 scrolls of magic mapping
 O - 3 scrolls of amnesia
 T - 2 scrolls of brand weapon
Potions
 i - a potion of berserk rage
 l - 8 potions of haste
 z - 8 potions of curing
 D - 7 potions of heal wounds
 N - a potion of resistance
 Q - a potion of might
 R - 2 potions of magic {unknown}
 S - 4 potions of degeneration {unknown}
 U - 3 potions of ambrosia {unknown}
 V - 3 potions of lignification {unknown}
 X - a potion of attraction {unknown}
 Y - 2 potions of flight {unknown}
 Z - 2 potions of cancellation {unknown}
Miscellaneous
 b - a tin of tremorstones (2/2)
 j - a piece from Xom's chessboard (15/15)
 m - a piece from Xom's chessboard (15/15)
 L - a piece from Xom's chessboard (15/15)


   Skills:
 - Level 7.0 Fighting
 + Level 7.4 Armour
 - Level 3.0 Dodging
 - Level 3.2 Stealth
 - Level 4.0 Shields
 * Level 21.8 Spellcasting
 + Level 13.9 Conjurations
 - Level 1.1 Summonings
 - Level 1.1 Translocations
 + Level 13.5 Fire Magic
 - Level 1.1 Air Magic
 - Level 1.0 Earth Magic
 - Level 1.0 Poison Magic
 - Level 1.0 Evocations


You had 28 spell levels left.
You knew the following spells:

 Your Spells              Type           Power      Damage    Failure   Level
a - Magic Dart            Conj           100%       1d8       0%          1
b - Mephitic Cloud        Conj/Pois/Air  71%        N/A       1%          3
c - Call Imp              Summ           34%        N/A       2%          2
d - Blink                 Tloc           N/A        N/A       2%          2
e - Conjure Flame         Conj/Fire      100%       6-21      1%          3
f - Foxfire               Conj/Fire      100%       2x1d9     0%          1
g - Fireball              Conj/Fire      61%        3d23      1%          5
h - Iron Shot             Conj/Erth      39%        9d8       4%          6
i - Starburst             Conj/Fire      61%        8x6d16    1%          6

Your spell library contained the following spells:

 Spells                   Type           Power      Damage    Failure   Level
 Ozocubu's Refrigeration  Ice            14%        4d7       98%         7
 Searing Ray              Conj           100%       3d7       0%          2
 Dazzling Flash           Conj/Hex       100%       N/A       1%          3
 Ignite Poison            Fire/Tmut/Pois 69%        N/A       1%          3
 Inner Flame              Hex/Fire       77%        N/A       1%          3
 Fulminant Prism          Conj/Hex       38%        3d18      1%          4
 Iskenderun's Mystic Bla  Conj/Tloc      79%        2d16      1%          4
 Sticky Flame             Conj/Fire      100%       2d11      1%          4
 Slow                     Hex            28%        N/A       3%          2
 Conjure Ball Lightning   Conj/Air       39%        3x3d13    4%          6
 Summon Lightning Spire   Summ/Air       34%        N/A       14%         4
 Ignition                 Fire           49%        3d14      16%         8
 Yara's Violent Unravell  Hex/Tmut       14%        3d7       17%         5
 Cause Fear               Hex            14%        N/A       22%         4
 Silence                  Hex/Air        15%        N/A       45%         5
 Discord                  Hex            14%        N/A       100%        8


Dungeon Overview and Level Annotations

Branches:
Dungeon (15/15)            Temple (1/1) D:4            Lair (6/6) D:11
 Shoals (0/4) Lair:2        Snake (0/4) Lair:2        Slime (0/5) Lair:6
    Orc (2/2) D:10            Elf (0/3) Orc:2        Vaults (0/5) D:14
 Depths (0/5) D:15        Ossuary (visited)

Altars:
Ashenzari
Cheibriados
Dithmenos
Elyvilon
Fedhas
Gozag
Hepliaklqana
Kikubaaqudgha
Makhleb
Nemelex Xobeh
Okawaru
Qazlal
Ru
Sif Muna
Trog
Uskayaw
Vehumet
Wu Jian
Xom
Yredelemnul
Zin
The Shining One
Jiyva

Shops:
D:6 **=

Annotations:
Lair:2 1 runed translucent door, rabbitsville's ghost, journeyman MiBe
Orc:2 Azrael


Message History

Press: ? - help, Shift-Dir - straight line, f/p - Azrael
Aim: Azrael, wielding a +1 scimitar of flaming (92% to hit)
You feel a surge of power!
The iron shot misses the fire elemental.
The iron shot hits Azrael!!!
Azrael is heavily wounded.
The fire elemental hits you. The fire elemental burns you! You resist.
The fire elemental hits you. The fire elemental burns you! You resist.
* * * LOW HITPOINT WARNING * * *
Azrael gestures at you. The bolt of fire misses you.
An orc comes into view. It is wielding a +0 flail.
Casting: Iron Shot (dangerous; 4% risk of failure)
Confirm with . or Enter, or press ? or * to list all spells.
Aiming: Iron Shot (dangerous; 4% risk of failure)
Press: ? - help, Shift-Dir - straight line, f/p - Azrael
Aim: Azrael, wielding a +1 scimitar of flaming (heavily wounded, 92% to hit)
You feel a surge of power!
The iron shot misses the fire elemental.
The iron shot hits Azrael!!!
Azrael is almost dead.
The fire elemental completely misses you.
You block the fire elemental's attack. Azrael gestures at you.
The fireball explodes!
The fireball engulfs you. You resist.
* * * LOW HITPOINT WARNING * * *
The fireball engulfs the orc!!
The orc dies!
The fireball engulfs the fire elemental.
The fire elemental completely resists.
The fireball engulfs the fire elemental.
The fire elemental completely resists.
An orc wizard comes into view. It is wielding a +0 dagger.
The fire elemental hits you. The fire elemental burns you! You resist.
* * * LOW HITPOINT WARNING * * *
The fire elemental hits you. The fire elemental burns you! You resist.
* * * LOW HITPOINT WARNING * * *
Azrael gestures at you.
The fireball explodes!
The fireball engulfs you! You resist.
You die...

** *****,,,**,,...#*## *
*,,,.........# *
****........## * ****####*
*....o.#,*** **,,,,...#*
*....o.,,,,*
**,,**#*#..##*)..o#+**,**
*,,**,..*#.).#....#,,*,** *
*,**,,...##.))..$.#,,*,,** **
*,*,,,....).o@E...#,,*,,,* ,*
*,*∩,_8...#...E...#8,*,,****
**
*,*,,,.,,,#..h..#.###*,,,,,*
,*
*,**,,,,,##.......†..,,,,,**
** *,,**,,,*#.....R.##..,,,***
,*
**,,****#..#.....#○,,**,******
**
**,,,...####.....○☼°,,,,,,,,,
,* ****###* ##.....°.☼*****,,,
** **#......**,,,**,,


You could see Azrael, 2 fire elementals, a hell hound, 2 orc wizards and 2 orcs.

Vanquished Creatures
  Kirke (D:14)
  Frances (D:14)
  A stone giant (D:15)
  Snorg (D:10)
  Josephine (D:10)
  Harold (D:10)
  A fire dragon (Lair:6)
  4 vault guards (D:14)
  14 hydras
  4 boulder beetles
  An ogre mage (D:15)
  3 centaur warriors
  Erolcha (D:10)
  10 two-headed ogres
  A death knight (D:15)
  11 death yaks
  2 tengu warriors (D:15)
  Sonja (D:10)
  14 skeletal warriors
  The ghost of Zonian the Conjurer, a novice HuCj of Elyvilon (D:7)
  A lindwurm (Lair:6)
  2 orc knights
  13 ugly things
  3 deep elf pyromancers
  8 cyclopes
  A wolf spider (D:14)
  3 manticores
  13 elephants
  Maurice (Orc:1)
  8 black mambas
  A torpor snail (Lair:6)
  3 molten gargoyles (Lair:6)
  6 kobold demonologists
  Maggie (D:8)
  An unseen horror (D:11)
  2 gargoyles (D:13)
  18 komodo dragons
  7 cane toads
  2 rime drakes
  An efreet (D:14)
  A freezing wraith (D:15)
  6 trolls
  7 polar bears
  Prince Ribbit (D:5)
  5 slime creatures (D:12)
  7 blink frogs
  Grinder (D:5)
  A meliai zombie (D:11)
  3 shadows
  7 wraiths
  Sigmund (D:6)
  2 vampires (D:12)
  10 basilisks
  A hog (D:14)
  4 wyverns
  11 yaks
  Grum (D:8)
  2 steam dragons
  Eustachio (D:5)
  A fire elemental (Orc:1)
  5 vampire mosquitoes
  3 nagas (Lair:2)
  3 wargs (Orc:1)
  An acid dragon (D:11)
  4 hell hounds
  16 water moccasins
  2 black bears
  An ice beast (D:6)
  A hornet zombie (D:8)
  2 necrophages
  3 sky beasts
  21 orc warriors
  8 ogres
  7 wolves
  8 boggarts
  16 centaurs
  7 kobold brigands
  A phantom (D:3)
  4 gnoll sergeants
  5 bullfrogs
  10 scorpions
  A water moccasin zombie (D:5)
  A wyvern skeleton (D:6)
  A water moccasin skeleton (D:5)
  3 howler monkeys
  12 wights
  4 electric eels
  5 lava snakes (Lair:6)
  7 centaur zombies
  A hound (D:4)
  3 jellies
  Crazy Yiuf (D:3)
  A human zombie (Ossuary)
  12 orc priests
  3 scorpion zombies (Ossuary)
  Ijyb (D:5)
  3 iguanas
  5 hell rats (Lair:6)
  17 orc wizards
  2 killer bee zombies (D:6)
  A centaur simulacrum (D:7)
  A hound skeleton (D:5)
  5 mummies
  Robin (D:3)
  15 gnolls
  7 adders
  A shadow imp (D:7)
  A white imp (D:8)
  An ufetubus (D:5)
  A worm (D:5)
  2 dart slugs
  42 orcs
  6 ball pythons
  2 bats (D:1)
  5 endoplasms
  5 giant cockroaches
  9 hobgoblins
  9 jackals
  4 quokkas
  7 frilled lizards
  2 gnoll zombies (Ossuary)
  7 goblins
  4 goblin zombies (Ossuary)
  3 hobgoblin zombies (Ossuary)
  A jackal skeleton (D:4)
  14 kobolds
  2 kobold zombies (Ossuary)
  An orc zombie (Ossuary)
  6 rats
  3 bushes (D:9)
621 creatures vanquished.

Vanquished Creatures (collateral kills)
  A two-headed ogre (D:6)
  A scorpion (Ossuary)
  An iguana (D:2)
  A gnoll (D:3)
  4 foxfires (D:9)
8 creatures vanquished.

Vanquished Creatures (others)
  A human (D:14)
  A scorpion (Ossuary)
  An electric eel (D:8)
  2 orcs (Orc:2)
  272 foxfires
  26 fungi
  38 plants
341 creatures vanquished.

Grand Total: 970 creatures vanquished

Notes
Turn   | Place    | Note
-------+----------+-------------------------------------------
     0 | D:1      | pokeman the Deep Elf Hedge Wizard began the quest for the
                  | Orb.
     0 | D:1      | Reached XP level 1. HP: 10/10 MP: 7/7
   386 | D:1      | Found a faded altar of an unknown god.
   640 | D:1      | Reached XP level 2. HP: 16/16 MP: 5/9
  1323 | D:1      | Reached skill level 5 in Spellcasting
  1534 | D:1      | Reached XP level 3. HP: 20/20 MP: 9/11
  1538 | D:1      | Learned a level 3 spell: Mephitic Cloud
  1541 | D:1      | Learned a level 2 spell: Call Imp
  1544 | D:1      | Learned a level 2 spell: Blink
  1548 | D:1      | Learned a level 3 spell: Conjure Flame
  2079 | D:2      | Reached skill level 1 in Fighting
  2079 | D:2      | Reached skill level 1 in Armour
  2549 | D:2      | Reached XP level 4. HP: 25/25 MP: 10/13
  3048 | D:3      | Noticed a scorpion
  3595 | D:3      | Found a bloodstained altar of Trog.
  3672 | D:3      | Noticed Robin
  3688 | D:3      | Killed Robin
  3966 | D:3      | Reached skill level 1 in Fire Magic
  4495 | D:3      | Reached skill level 6 in Spellcasting
  4495 | D:3      | Reached XP level 5. HP: 11/29 MP: 6/15
  4770 | D:3      | Noticed a phantom
  4781 | D:3      | Killed a phantom
  4782 | D:3      | Reached skill level 1 in Air Magic
  4886 | D:3      | Found a runed translucent door.
  4887 | D:3      | Noticed Crazy Yiuf
  4900 | D:3      | Killed Crazy Yiuf
  5233 | D:4      | Noticed an ogre
  5242 | D:4      | Killed an ogre
  5243 | D:4      | Reached skill level 1 in Shields
  5243 | D:4      | Reached skill level 1 in Poison Magic
  5243 | D:4      | Reached XP level 6. HP: 34/34 MP: 5/17
  5439 | D:4      | Found a staircase to the Ecumenical Temple.
  5454 | Temple   | Entered the Ecumenical Temple
  5627 | D:4      | Reached skill level 7 in Spellcasting
  5629 | D:4      | Reached skill level 1 in Evocations
  5794 | D:4      | Reached XP level 7. HP: 36/38 MP: 10/20
  6104 | D:4      | Found an ancient bone altar of Kikubaaqudgha.
  6278 | D:5      | Entered Level 5 of the Dungeon
  6483 | D:5      | Noticed Grinder
  6513 | D:5      | Killed Grinder
  6514 | D:5      | Reached skill level 8 in Spellcasting
  6709 | D:5      | Noticed Ijyb
  6722 | D:5      | Killed Ijyb
  6801 | D:5      | Noticed Prince Ribbit
  6815 | D:5      | Killed Prince Ribbit
  6816 | D:5      | Reached skill level 9 in Spellcasting
  6816 | D:5      | Reached XP level 8. HP: 24/44 MP: 4/23
  7173 | D:5      | Found a burning altar of Makhleb.
  7345 | D:5      | Reached skill level 5 in Conjurations
  7419 | D:6      | Found Weixum's Jewellery Shoppe.
  7443 | D:6      | Noticed Eustachio
  7448 | D:6      | Reached skill level 10 in Spellcasting
  7635 | D:5      | Killed Eustachio
  7772 | D:6      | Found Mojifu's Assorted Antiques.
  8083 | D:6      | Reached XP level 9. HP: 41/48 MP: 19/25
  8135 | D:6      | Noticed a two-headed ogre
  8234 | D:6      | Found Bowas's Assorted Antiques.
  8256 | D:6      | Noticed Sigmund
  8298 | D:6      | Killed Sigmund
  8372 | D:6      | Killed a two-headed ogre
  8373 | D:6      | Reached skill level 11 in Spellcasting
  8373 | D:6      | Reached skill level 5 in Fire Magic
  9160 | D:7      | Noticed Zonian's ghost (novice HuCj)
  9162 | D:7      | Found a transporter.
  9164 | D:7      | Found a transporter.
  9373 | D:7      | Noticed a kobold demonologist
  9403 | D:7      | Killed a kobold demonologist
  9404 | D:7      | Reached skill level 12 in Spellcasting
  9828 | D:7      | Learned a level 1 spell: Foxfire
  9834 | D:7      | Learned a level 5 spell: Fireball
 10007 | D:7      | Killed Zonian's ghost
 10008 | D:7      | Reached XP level 10. HP: 56/56 MP: 7/28
 10200 | D:8      | Noticed Grum
 10210 | D:8      | Found a sand-covered staircase.
 10221 | Ossuary  | Entered an ossuary
 10891 | D:8      | Killed Grum
 10892 | D:8      | Reached skill level 13 in Spellcasting
 10961 | D:8      | Found a stormy altar of Qazlal.
 10961 | D:8      | Found a shadowy altar of Dithmenos.
 11215 | D:8      | Noticed Maggie
 11238 | D:8      | Killed Maggie
 11754 | D:9      | Identified the +2 trident "Vylig" {holy, rPois Will+}
 11777 | D:9      | Noticed a two-headed ogre
 11783 | D:9      | Killed a two-headed ogre
 12154 | D:9      | Identified the Catalogue of Lightness and Attacks
 12193 | D:9      | Found a white marble altar of Elyvilon.
 12202 | D:9      | Reached skill level 14 in Spellcasting
 12381 | D:9      | Reached XP level 11. HP: 59/60 MP: 28/31
 12966 | D:9      | Found a blossoming altar of Fedhas.
 12966 | D:9      | Found a sacrificial altar of Ru.
 12967 | D:9      | Found a glowing silver altar of Zin.
 13304 | D:10     | Entered Level 10 of the Dungeon
 13374 | D:10     | Noticed Josephine
 13489 | D:10     | Noticed a two-headed ogre
 13494 | D:10     | Noticed Snorg
 13509 | D:10     | Killed a two-headed ogre
 13510 | D:10     | Killed Snorg
 13692 | D:10     | Killed Josephine
 13761 | D:10     | Noticed Erolcha
 13842 | D:10     | Killed Erolcha
 13879 | D:10     | Reached skill level 15 in Spellcasting
 13898 | D:10     | Noticed Sonja
 14137 | D:10     | Found a staircase to the Orcish Mines.
 14612 | D:10     | Killed Sonja
 14886 | D:11     | Reached skill level 5 in Armour
 14994 | D:11     | Noticed a death yak
 14995 | D:11     | Found a staircase to the Lair.
 14998 | D:11     | Noticed a death yak
 15003 | D:11     | Killed a death yak
 15004 | D:11     | Noticed a death yak
 15005 | D:11     | Noticed a death yak
 15005 | D:11     | Noticed a death yak
 15035 | D:11     | Killed a death yak
 15051 | D:11     | Killed a death yak
 15070 | D:11     | Killed a death yak
 15071 | D:11     | Reached XP level 12. HP: 64/64 MP: 3/33
 15073 | D:11     | Killed a death yak
 15247 | D:11     | Found a shadowy altar of Dithmenos.
 15253 | D:11     | Reached skill level 16 in Spellcasting
 15294 | D:11     | Reached skill level 10 in Conjurations
 15550 | D:11     | Noticed a boulder beetle
 15557 | D:11     | Killed a boulder beetle
 15738 | D:11     | You fall into a shaft and drop 2 floors!
 15754 | D:13     | Noticed a boulder beetle
 15762 | D:12     | Noticed a five-headed hydra
 16328 | D:11     | Noticed a two-headed ogre
 16332 | D:11     | Killed a two-headed ogre
 16427 | D:10     | Found a snail-covered altar of Cheibriados.
 16427 | D:10     | Found a radiant altar of Vehumet.
 16429 | D:10     | Noticed Harold
 16442 | D:10     | Killed Harold
 16453 | D:10     | Became a worshipper of Vehumet
 17059 | D:12     | Killed a five-headed hydra
 17060 | D:12     | Reached skill level 17 in Spellcasting
 17060 | D:12     | Reached skill level 10 in Fire Magic
 17306 | D:12     | Noticed a six-headed hydra
 17308 | D:12     | Noticed a two-headed ogre
 17476 | D:12     | Killed a two-headed ogre
 17906 | D:12     | Killed a six-headed hydra
 18175 | D:12     | Noticed a five-headed hydra
 18178 | D:12     | Killed a five-headed hydra
 18179 | D:12     | Reached XP level 13. HP: 69/69 MP: 22/36
 18544 | D:13     | Reached * piety under Vehumet
 18544 | D:13     | Offered knowledge of Freeze by Vehumet.
 19503 | D:13     | Reached skill level 18 in Spellcasting
 19689 | D:14     | Noticed Kirke
 19694 | D:14     | Killed Kirke
 20442 | D:14     | Noticed Frances
 20522 | D:14     | Killed Frances
 20523 | D:14     | Reached skill level 5 in Fighting
 21656 | D:14     | Reached skill level 19 in Spellcasting
 21795 | D:14     | Reached XP level 14. HP: 78/78 MP: 24/39
 21959 | D:14     | Offered knowledge of Shock by Vehumet.
 22208 | D:14     | Reached ** piety under Vehumet
 22235 | D:14     | Found a gate to the Vaults.
 22429 | D:15     | Entered Level 15 of the Dungeon
 23238 | D:15     | Offered knowledge of Poisonous Vapours by Vehumet.
 23608 | D:15     | Reached skill level 20 in Spellcasting
 23814 | D:15     | Reached *** piety under Vehumet
 24028 | D:15     | Noticed a stone giant
 24032 | D:15     | Killed a stone giant
 24241 | D:15     | Found a staircase to the Depths.
 24898 | Lair:1   | Entered Level 1 of the Lair of Beasts
 25689 | Lair:2   | Offered knowledge of Ignite Poison by Vehumet.
 25903 | Lair:2   | Found a staircase to the Snake Pit.
 26101 | Lair:2   | Reached XP level 15. HP: 86/86 MP: 18/41
 26288 | Lair:2   | Found a staircase to the Shoals.
 26414 | Lair:2   | Identified the +6 demon blade "Geic" {venom, rN+++ Will-
                  | rCorr Int-5}
 26449 | Lair:2   | Found a runed translucent door.
 26566 | Lair:2   | Noticed rabbitsville's ghost (journeyman MiBe)
 27658 | Lair:4   | You fall into a shaft and drop 2 floors!
 27658 | Lair:6   | Entered Level 6 of the Lair of Beasts
 27810 | Lair:4   | Reached **** piety under Vehumet
 28139 | Lair:4   | Offered knowledge of Frozen Ramparts by Vehumet.
 28262 | Lair:4   | Reached skill level 21 in Spellcasting
 29893 | Lair:6   | Reached ***** piety under Vehumet
 30144 | Lair:6   | Offered knowledge of Iron Shot by Vehumet.
 30152 | Lair:6   | Learned a level 6 spell: Iron Shot
 30281 | Lair:6   | Reached skill level 1 in Earth Magic
 30639 | Lair:6   | Found a large runed translucent door.
 30640 | Lair:6   | Found a large runed translucent door.
 30717 | Lair:6   | Found a staircase to the Slime Pits.
 30717 | Lair:6   | Found a viscous altar of Jiyva.
 31401 | Lair:6   | Learned a level 6 spell: Starburst
 31721 | Orc:1    | Entered Level 1 of the Orcish Mines
 31763 | Orc:1    | Noticed Maurice
 31844 | Orc:1    | Killed Maurice
 32136 | Orc:1    | Found an iron altar of Okawaru.
 32262 | Orc:2    | Entered Level 2 of the Orcish Mines
 32296 | Orc:2    | Noticed Azrael
 32340 | Orc:2    | Offered knowledge of Ozocubu's Refrigeration by Vehumet.
 32345 | Orc:2    | Killed from afar by Azrael

Illustrated notes

Levels and vault maps discovered:
D:1:      mrwooster_arrival_arrow, layout_basic,
          chequers_ecumenical_altar_twisty
D:2:      layout_rooms, columned_hall_lemuel, serial_bayou_lagoon_a
D:3:      layout_loops_corners, lemuel_round_altar, uniq_crazy_yiuf_cottage,
          uniq_robin
D:4:      black_bear_nest_1, layout_cave_pools, kennysheep_little_box,
          minmay_temple_entry_tees, minmay_curled_crystal, nrook_mini_backslash
D:5:      layout_gridville, bloody_makhleb, uniq_ijyb, uniq_grinder,
          uniq_prince_ribbit1
D:6:      layout_cave_pools, serial_shops, shop, shop,
          nicolae_shop_behind_doors, uniq_eustachio, uniq_sigmund
D:7:      layout_rooms, gammafunk_ghost_mausoleum, amcnicky_mini_pool_small,
          chequers_serial_rivers_small_b, minmay_misc_feat_alley
D:8:      layout_rooms, amethyst_overflow_temple_binary,
          gup_ossuary_entry_pyramid, minivault_26, kennysheep_dice, uniq_maggie,
          uniq_grum
D:9:      layout_loops_ring, nicolae_elyvilon_peaceful_grove,
          gammafunk_temple_overflow_claw, kennysheep_cluttered_room
D:10:     layout_irregular_city, nicolae_overflow_hidden_temple,
          kennysheep_orc_monster_closet_entryway, uniq_sonja, uniq_josephine,
          uniq_erolcha, uniq_harold, uniq_snorg
D:11:     layout_roguey, dpeg_lair_monsters, chequers_hall_statues_y,
          nicolae_dithmenos_the_darkroom
D:12:     minmay_goldmine, layout_long_grid
D:13:     layout_rooms, lightli_fourway_metalbox
D:14:     layout_basic, lightli_vaults_fourway_checkpoint, uniq_frances,
          uniq_kirke
D:15:     grunt_enter_depths_snipers, layout_layer_cave,
          hangedman_abyss_or_decor_passed, minmay_fountain_box
Temple:   jpeg_temple_clearing
Lair:1:   layout_roguey
Lair:2:   layout_roguey, elwin_shoals_entry_rocks,
          minmay_snake_entry_guardpost_medium, ebering_ghost_reflecting_pool
Lair:3:   layout_hall_layers
Lair:4:   layout_regular_city, grunt_megastairs_4, infiniplex_staircase_pool_2,
          lemuel_fruit_tree
Lair:5:   layout_regular_city, chequers_serial_rivers_marsh,
          cheibrodos_lair_reptile_den, infiniplex_staircase_pool
Lair:6:   cheibrodos_lair_end_hotspot, layout_cave_pods, slime_altar_1
Orc:1:    layout_caves, okawaru_metal_pillars_3, uniq_maurice
Orc:2:    grunt_orc_community_town_hall, layout_diamond_mine,
          grunt_orc_community_big_house_1, grunt_orc_community_big_house_2,
          grunt_orc_community_house_3, grunt_orc_community_house_2,
          grunt_orc_community_house_2, grunt_orc_community_house_1,
          grunt_orc_community_house_2, grunt_orc_community_house_3,
          serial_shops, shop, gammafunk_ghost_necromancy,
          nicolae_volcano_entry_vermiform, uniq_azrael

Skill      XL: |  1  2  3  4  5  6  7  8  9 10 11 12 13 14 15 |
---------------+----------------------------------------------+-----
Spellcasting   | 5 6 7 9 10 12 14 15 17 19 20 21 | 21.8
Fighting       | 1 2 3 5 7 |  7.0
Armour         | 1 2 3 5 6 7 |  7.4
Conjurations   | 2 3 4 5 7 8 9 10 12 13 | 13.9
Fire Magic     | 1 2 4 6 7 9 10 11 12 13 | 13.5
Dodging        | 3 |  3.0
Air Magic      | 1 |  1.1
Shields        | 1 2 3 4 |  4.0
Poison Magic   | 1 |  1.0
Evocations     | 1 |  1.0
Stealth        | 3 |  3.2
Earth Magic    | 1 |  1.0
Summonings     | |  1.1
Translocations | |  1.1

Action                   |  1- 3 |  4- 6 |  7- 9 | 10-12 | 13-15 || total
-------------------------+-------+-------+-------+-------+-------++-------
Melee: Staff             |     5 |    22 |    36 |    78 |    12 ||   153
 Fire: Hand crossbow     |       |       |    27 |    30 |       ||    57
 Cast: Magic Dart        |   130 |   116 |   219 |    11 |       ||   476
       Call Imp          |     1 |     4 |    15 |     9 |     6 ||    35
       Mephitic Cloud    |       |     9 |    16 |    26 |     3 ||    54
       Conjure Flame     |       |     4 |    23 |    24 |     1 ||    52
       Fireball          |       |       |     4 |   111 |   385 ||   500
       Blink             |       |       |     4 |     7 |     7 ||    18
       Foxfire           |       |       |       |   145 |    10 ||   155
       Iron Shot         |       |       |       |       |    25 ||    25
       Starburst         |       |       |       |       |     3 ||     3
Evoke: Wand              |       |       |       |     1 |     2 ||     3
  Use: Scroll            |       |       |       |    15 |     7 ||    22
 Stab: Sleeping          |     1 |       |       |       |       ||     1
       Confused          |       |     3 |     3 |     2 |       ||     8
Armor: Robe              |     6 |       |       |       |       ||     6
       Leather armour    |     6 |    14 |    41 |    56 |       ||   117
       Troll leather arm |       |       |       |    13 |       ||    13
       Acid dragon scale |       |       |       |     8 |    39 ||    47
Dodge: Dodged            |    32 |    33 |    85 |   146 |    72 ||   368
Block: Buckler           |       |       |       |       |    24 ||    24

Table legend: (Time is in decaauts)
 A = Elapsed time spent in this place.
 B = Non-inter-level travel time spent in this place.
 C = Inter-level travel time spent in this place.
 D = Time resting spent in this place.
 E = Time spent auto-exploring this place.
 F = Levels seen in this place.
 G = Mean time per level.
                   A        B        C        D        E       F      G
               +--------+--------+--------+--------+--------+-----+--------+
         Total |  32483 |  30477 |   2006 |   3739 |  22542 |  25 | 1299.3 |
       Dungeon |  24274 |  22681 |   1593 |   3331 |  16139 |  15 | 1618.3 |
        Temple |    218 |    193 |     25 |      0 |    122 |   1 |  218.0 |
          Lair |   6770 |   6423 |    347 |    252 |   5636 |   6 | 1128.3 |
  Orcish Mines |    554 |    514 |     40 |     30 |    336 |   2 |  277.0 |
       Ossuary |    665 |    665 |      0 |    126 |    309 |   1 |  665.0 |
               +--------+--------+--------+--------+--------+-----+--------+

Top non-repeatable levels by time:
    D:14: 2400 daAuts
     D:3: 2154 daAuts
    D:10: 2068 daAuts
    D:15: 2021 daAuts
  Lair:6: 1980 daAuts
     D:1: 1846 daAuts
    D:12: 1742 daAuts
    D:11: 1668 daAuts
     D:9: 1625 daAuts
     D:5: 1528 daAuts
    D:13: 1465 daAuts
     D:6: 1321 daAuts
     D:7: 1235 daAuts
     D:2: 1198 daAuts
  Lair:4: 1179 daAuts
